 Dungeon Crawl Stone Soup version 0.18-b1-18-g7758cf2 (webtiles) character file.

138460 nikopol the Impaler (level 16, -6/225 HPs)
             Began as a Minotaur Berserker on May 1, 2016.
             Was the Champion of Trog.
             Mangled by the 26-headed Lernaean hydra (8 damage)
             ... on level 4 of the Swamp on May 2, 2016.
             The game lasted 03:43:49 (34369 turns).

nikopol the Impaler (Minotaur Berserker)           Turns: 34369, Time: 03:43:49

Health: -6/225     AC: 34    Str: 33    XL:     16   Next: 71%
Magic:  15/15      EV: 20    Int:  4    God:    Trog [******]
Gold:   977        SH:  9    Dex: 16    Spells: 0 memorised, 15 levels left

rFire  + . .     SeeInvis .     b - +10 war axe "Liontodd" {chop, rC++ Dex+2}
rCold  + + +     Gourm    .     Q - +4 plate armour {rPois}
rNeg   . . .     Faith    .     C - +2 buckler {reflect}
rPois  +         Spirit   .     m - +2 hat {MR+}
rElec  +         Dismiss  .     a - +2 cloak of Starlight {rElec rC+ EV+4 Stlth--}
rCorr  .         Reflect  +     e - +2 pair of gloves {Str+3}
SustAt .         Harm     .     M - +2 pair of boots
MR     +++..                    F - amulet of regeneration
Stlth  ..........               p - ring of protection from fire
                                I - ring of protection from magic

@: berserking, very quick, extremely resistant to hostile enchantments,
extremely unstealthy
A: retaliatory headbutt, horns 2
a: Berserk, Trog's Hand, Brothers in Arms, Burn Spellbooks, Renounce Religion


You were on level 4 of the Swamp.
You worshipped Trog.
Trog was exalted by your worship.
You were not hungry.

You visited 4 branches of the dungeon, and saw 26 of its levels.
You also visited: Labyrinth and Ice Cave.

You collected 2171 gold pieces.
You spent 1194 gold pieces at shops.

Inventory:

Hand Weapons
 b - the +10 war axe "Liontodd" (weapon) {chop, rC++ Dex+2}
   (You found it in an ice cave)

   It inflicts extra damage upon your enemies.
   It affects your dexterity (+2).
   It greatly protects you from cold.
 n - the +6 broad axe of Nevvikuwn {pain, MP+9}
   (You bought it in a shop on level 2 of the Orcish Mines)

   In the hands of one skilled in necromantic magic, it inflicts extra damage on
   living creatures.
   It affects your magic capacity (+9).
 P - a +4 glaive of chopping
Missiles
 w - 2 silver tomahawks (quivered)
Armour
 a - the +2 cloak of Starlight (worn) {rElec rC+ EV+4 Stlth--}
   (You bought it in a shop on level 12 of the Dungeon)

   It affects your evasion (+4).
   It protects you from cold.
   It insulates you from electricity.
   It makes you much less stealthy.
 e - a +2 pair of gloves of strength (worn)
 m - a +2 hat of magic resistance (worn)
 C - a +2 buckler of reflection (worn)
 L - a +4 scale mail of magic resistance
 M - a +2 pair of boots (worn)
 Q - a +4 plate armour of poison resistance (worn)
Jewellery
 p - a ring of protection from fire (right hand)
 F - an amulet of regeneration (around neck)
 G - an uncursed ring of sustain attributes
 H - an uncursed ring of stealth
 I - a ring of protection from magic (left hand)
Wands
 r - a wand of flame (15/48)
 t - a wand of paralysis (18/24)
 y - a wand of hasting (2/9)
 K - a wand of lightning (11/15)
 N - a wand of teleportation (0/9)
 O - a wand of acid (10/15)
 W - a wand of flame (31/48)
 X - a wand of iceblast (5/15)
Scrolls
 h - 5 scrolls of fog
 j - 4 scrolls of enchant weapon
 o - 9 scrolls of teleportation
 q - 10 scrolls of remove curse
 z - 6 scrolls of identify
 Y - 3 scrolls of magic mapping
 Z - 4 scrolls of fear
Potions
 d - 2 potions of haste
 f - 4 potions of brilliance
 g - 2 potions of cancellation
 i - 5 potions of agility
 k - 3 potions of flight
 l - a potion of invisibility
 v - 8 potions of curing
 x - 5 potions of cure mutation
 E - 5 potions of heal wounds
 J - 2 potions of might
 V - a potion of resistance
Comestibles
 c - 17 bread rations
 s - 11 meat rations
 A - 5 fruits
 R - a beef jerky
 S - 16 royal jellies


   Skills:
 + Level 15.7 Fighting
 * Level 11.7(15.5) Axes
 - Level 16.8(18.0) Polearms
 + Level 10.6 Throwing
 + Level 15.3 Armour
 - Level 12.2 Dodging
 + Level 9.9 Shields


You had 15 spell levels left.
You didn't know any spells.

Dungeon Overview and Level Annotations

Branches:
Dungeon (12/15)            Temple (0/1) D:4            Lair (8/8) D:11
  Swamp (4/4) Lair:3        Snake (0/4) Lair:4        Slime (0/6) Lair:6
    Orc (2/2) D:12            Elf (0/3) Orc:2

Altars:
Nemelex Xobeh
Okawaru
Qazlal
Trog
Beogh
Jiyva

Shops:
D:6 =   D:12 *%[   Orc:2 (*[

Annotations:
D:7 exclusion: oklob plant
Swamp:4 Lernaean hydra


Innate Abilities, Weirdness & Mutations

You reflexively headbutt those who attack you in melee.
You have a pair of horns on your head.


Message History

The 27-headed Lernaean hydra bites you but does no damage. x4
The 27-headed Lernaean hydra misses you.
The spriggan rider hits you from afar with a spear!
* * * LOW HITPOINT WARNING * * *
You are too berserk!
You slice one of the 27-headed Lernaean hydra's heads off!
You slice the 26-headed Lernaean hydra!!
You headbutt the 26-headed Lernaean hydra!
The 26-headed Lernaean hydra is almost dead.
You block the spriggan rider's attack. The 26-headed Lernaean hydra bites you!
* * * LOW HITPOINT WARNING * * *
The 26-headed Lernaean hydra bites you but does no damage.
The 26-headed Lernaean hydra completely misses you.
The 26-headed Lernaean hydra bites you but does no damage.
You block the 26-headed Lernaean hydra's attack.
The 26-headed Lernaean hydra bites you but does no damage. x2
The 26-headed Lernaean hydra closely misses you. x2
The 26-headed Lernaean hydra completely misses you.
The 26-headed Lernaean hydra bites you!
You die...

♣♣≈♣≈≈≈.≈....≈≈≈≈≈≈≈.
♣≈≈...≈.†††.≈≈.....≈≈≈..
♣....≈.†♣♣≈...≈..≈≈♣.§.
♣♣♣♣≈....≈≈≈♣≈≈....≈..≈..≈
..≈♣♣.♣≈♣≈≈.≈...≈.≈≈....≈.
≈§≈≈.≈...♣....≈.≈.≈≈≈..≈..
≈≈≈≈..≈§.♣♣.♣..♣...≈......
≈≈≈≈≈≈§.♣♣♣♣♣♣..§≈≈≈....≈.
≈.≈.≈≈≈♣♣ ♣♣♣@...♣♣.
≈≈≈.≈♣♣♣ ♣D≈i.♣ ≈≈≈/≈♣
##i≈.# ≈./.^♣ #.≈≈# ♣≈.≈≈♣
#.≈≈# .§≈..♣ ≈≈≈.D#
.≈≈≈.♣♣ ≈.♣♣♣..# ≈≈≈≈<≈♣
.≈# #≈.# .≈≈≈.♣♣ ≈.# #≈.#


You could see the 26-headed Lernaean hydra, a swamp dragon and 2 spriggan
riders.

Vanquished Creatures
  Mara (Swamp:3)
  Jorgrun (Swamp:3)
  Gastronok (D:9)
  3 thorn hunters
  Aizul (Swamp:4)
  An orc warlord (Orc:2)
  Donald (Swamp:3)
  A very ugly thing (Swamp:3)
  Snorg (Lair:3)
  A minotaur (Lab)
  The ghost of dwasdwasdwas the Thaumaturge, a journeyman DEEE of Nemelex Xobeh (D:12)
  The ghost of graki42 the Thaumaturge, a journeyman DEFE of Vehumet (Lair:3)
  Harold (D:10)
  21 hydras
  A catoblepas (Lair:8)
  Erica (D:11)
  Erolcha (D:8)
  A tengu warrior (Swamp:2)
  7 alligators
  A queen ant (Lair:4)
  An orc high priest (Orc:2)
  A spriggan berserker (Swamp:1)
  The ghost of Zhenya25pyc the Basher, a novice GrFi of Okawaru (D:8)
  Nergalle (Lair:2)
  7 swamp dragons
  5 spriggan druids
  4 hill giants
  2 shambling mangroves
  Pikel (D:5)
  2 orc sorcerers (Orc:2)
  A necromancer (IceCv)
  2 oklob plants (Lair:4)
  3 orc knights (Orc:2)
  2 griffons
  A cyclops (Orc:2)
  A deep elf mage (D:12)
  12 elephants
  A centaur zombie (D:12)
  2 ice statues (IceCv)
  32 spiny frogs
  6 black mambas
  2 torpor snails
  6 komodo dragons
  6 rime drakes
  2 queen bees
  8 ice devils (IceCv)
  A tengu conjurer (Swamp:2)
  2 trolls
  4 two-headed ogres
  5 giant leeches
  8 slime creatures
  28 blink frogs
  A boulder beetle (Lair:7)
  7 bog bodies
  The ghost of crawlian the Grave Robber, an amateur DENe of Sif Muna (D:5)
  Sigmund (D:6)
  12 spriggans
  3 shadows
  4 wraiths (Lair:8)
  43 yaks
  Eustachio (D:5)
  5 basilisks
  5 wyverns
  9 hippogriffs
  2 hungry ghosts
  12 vampire mosquitoes
  2 wargs (Orc:2)
  16 swamp worms
  A naga (Lair:4)
  Edmund (D:5)
  3 insubstantial wisps (Swamp:4)
  20 soldier ants (Lair:4)
  8 porcupines
  14 water moccasins
  3 sky beasts
  10 swamp drakes
  4 ice beasts
  2 phantoms
  28 orc warriors
  15 wasps
  A necrophage (D:8)
  11 ogres
  20 wolves
  15 centaurs
  18 crocodiles
  30 giant frogs
  A big kobold (D:11)
  A wyvern zombie (D:11)
  A wyvern skeleton (D:11)
  A scorpion (D:10)
  63 killer bees
  13 wights
  7 electric eels (Lair:8)
  2 howler monkeys
  5 crimson imps
  5 draconian simulacra (IceCv)
  A giant frog zombie (D:5)
  A lava snake (D:12)
  18 orc priests
  6 centaur skeletons
  3 jellies
  Crazy Yiuf (D:2)
  9 hounds
  2 quasits
  A giant frog skeleton (D:12)
  23 worker ants
  4 iguanas
  22 orc wizards
  2 hell rats (Lair:2)
  2 troll simulacra (IceCv)
  A centaur simulacrum (IceCv)
  A hound zombie (D:11)
  A hound skeleton (D:7)
  3 worker ant zombies
  7 gnolls (D:10)
  An ogre simulacrum (IceCv)
  11 adders
  A naga simulacrum (IceCv)
  54 river rats
  7 shadow imps
  An ooze (D:3)
  An adder skeleton (D:9)
  2 worms (D:2)
  2 dart slugs
  6 giant geckos
  73 orcs
  7 bats
  6 giant cockroaches
  9 hobgoblins
  12 jackals
  2 quokkas
  A giant gecko zombie (D:7)
  2 giant newts
  11 goblins
  15 kobolds
  2 quokka skeletons
  23 rats
  12 briar patches
  A butterfly (Lair:6)
  7 fungi
  5 plants
1017 creatures vanquished.

Vanquished Creatures (collateral kills)
  A hydra (Swamp:3)
  2 oklob plants (Lair:4)
  A spiny frog (Swamp:3)
  A komodo dragon (Swamp:3)
5 creatures vanquished.

Vanquished Creatures (others)
  Josephine (Lair:8)
  A cyclops (Orc:1)
  A slave (D:8)
  An ogre (D:5)
  A killer bee (D:8)
  A howler monkey (D:5)
  A centaur skeleton (D:5)
  2 orcs (D:5)
  2 briar patches
  A bush (Lair:8)
  28 fungi
  21 plants
61 creatures vanquished.

Grand Total: 1083 creatures vanquished

Notes
Turn   | Place    | Note
--------------------------------------------------------------
     0 | D:1      | nikopol the Minotaur Berserker began the quest for the Orb.
     0 | D:1      | Reached XP level 1. HP: 19/19 MP: 0/0
   143 | D:1      | Reached XP level 2. HP: 27/27 MP: 1/1
   688 | D:2      | Reached XP level 3. HP: 30/33 MP: 2/2
   901 | D:2      | Reached ** piety under Trog
   968 | D:2      | Reached XP level 4. HP: 35/40 MP: 3/3
  1028 | D:2      | Reached skill level 4 in Polearms
  1111 | D:2      | Found a bloodstained altar of Trog.
  1424 | D:2      | Noticed Crazy Yiuf
  1431 | D:2      | Killed Crazy Yiuf
  1751 | D:3      | Reached XP level 5. HP: 47/47 MP: 4/4
  1765 | D:3      | Reached *** piety under Trog
  1949 | D:3      | Noticed a sky beast
  1964 | D:3      | Killed a sky beast
  2197 | D:3      | Found a faded altar to an unknown god.
  2210 | D:3      | Reached skill level 5 in Fighting
  2249 | D:3      | Reached skill level 5 in Polearms
  2249 | D:3      | Reached XP level 6. HP: 26/56 MP: 5/5
  2766 | D:4      | Found a staircase to the Ecumenical Temple.
  3551 | D:5      | Entered Level 5 of the Dungeon
  3563 | D:5      | Noticed a slave
  3564 | D:5      | Noticed a slave
  3565 | D:5      | Noticed a slave
  3565 | D:5      | Noticed a slave
  3566 | D:5      | Noticed Pikel
  3572 | D:5      | Paralysed by Pikel for 4 turns
  3590 | D:5      | Paralysed by Pikel for 4 turns
  3605 | D:5      | Killed Pikel
  3605 | D:5      | Reached skill level 6 in Polearms
  3605 | D:5      | Reached skill level 5 in Armour
  3605 | D:5      | Reached skill level 5 in Dodging
  3605 | D:5      | Reached XP level 7. HP: 23/64 MP: 6/6
  3843 | D:5      | Reached XP level 8. HP: 71/71 MP: 7/7
  3855 | D:5      | Reached **** piety under Trog
  4043 | D:5      | Noticed Edmund
  4051 | D:5      | Killed Edmund
  4051 | D:5      | Reached skill level 7 in Polearms
  4063 | D:5      | Noticed crawlian's ghost (amateur DENe)
  4083 | D:5      | Killed crawlian's ghost
  4447 | D:5      | Noticed Eustachio
  4457 | D:5      | Killed Eustachio
  4984 | D:6      | Reached XP level 9. HP: 81/81 MP: 8/8
  5172 | D:6      | Found Dise Sas's Jewellery Emporium.
  5178 | D:6      | Noticed Sigmund
  5187 | D:6      | Killed Sigmund
  5187 | D:6      | Reached skill level 8 in Polearms
  6079 | D:7      | Upgraded the game from 0.18-b1-16-g289874d to 0.18-b1-18-g7758cf2
  6556 | D:7      | Noticed an oklob plant
  6639 | D:7      | Found a stormy altar of Qazlal.
  6783 | D:7      | Found a sparkling altar of Nemelex Xobeh.
  7057 | D:8      | Noticed a queen bee
  7078 | D:8      | Killed a queen bee
  7090 | D:8      | Reached skill level 9 in Polearms
  7333 | D:8      | Reached XP level 10. HP: 84/91 MP: 9/9
  7823 | D:8      | Noticed Erolcha
  7833 | D:8      | Killed Erolcha
  8098 | D:8      | Noticed Zhenya25pyc's ghost (novice GrFi)
  8130 | D:8      | Killed Zhenya25pyc's ghost
  8130 | D:8      | Reached skill level 10 in Fighting
  8130 | D:8      | Reached skill level 10 in Polearms
  9205 | D:9      | Reached ***** piety under Trog
  9218 | D:9      | Reached skill level 10 in Armour
  9241 | D:9      | Reached skill level 1 in Throwing
  9952 | D:9      | Noticed Gastronok
  9971 | D:9      | Killed Gastronok
  9971 | D:9      | Reached skill level 11 in Polearms
  9971 | D:9      | Reached XP level 11. HP: 96/101 MP: 10/10
 10108 | D:10     | Entered Level 10 of the Dungeon
 10110 | D:10     | Noticed Harold
 10126 | D:10     | Killed Harold
 10452 | D:10     | Noticed a hill giant
 10472 | D:10     | Killed a hill giant
 10650 | D:10     | Noticed a hill giant
 10664 | D:10     | Killed a hill giant
 10852 | D:10     | Reached skill level 12 in Polearms
 10907 | D:10     | Noticed a hill giant
 10916 | D:10     | Killed a hill giant
 11298 | D:11     | Noticed a six-headed hydra
 11307 | D:11     | Killed a six-headed hydra
 11307 | D:11     | Reached skill level 10 in Dodging
 11443 | D:11     | Noticed Erica
 11450 | D:11     | Killed Erica
 11450 | D:11     | Received a gift from Trog
 11604 | D:11     | Reached XP level 12. HP: 110/110 MP: 11/11
 11877 | D:11     | Found a staircase to the Lair.
 11915 | D:11     | Reached skill level 13 in Polearms
 12167 | D:11     | Received a gift from Trog
 12167 | D:11     | Reached skill level 5 in Throwing
 12229 | Lair:1   | Entered Level 1 of the Lair of Beasts
 13296 | Lair:2   | Found a labyrinth entrance.
 13308 | Lab      | Entered a labyrinth
 14318 | Lab      | Noticed a minotaur
 14327 | Lab      | Killed a minotaur
 14348 | Lab      | Identified the Volume of Changing and Clay
 14438 | Lair:2   | Received a gift from Trog
 14494 | Lair:2   | Noticed Nergalle
 14503 | Lair:2   | Killed Nergalle
 14604 | Lair:2   | Received a gift from Trog
 14640 | Lair:2   | Reached skill level 14 in Polearms
 14989 | Lair:2   | Noticed a five-headed hydra
 15000 | Lair:2   | Killed a five-headed hydra
 15024 | Lair:2   | Noticed a five-headed hydra
 15032 | Lair:2   | Killed a five-headed hydra
 15164 | Lair:2   | Found an iron altar of Okawaru.
 15383 | Lair:3   | Found a frozen archway.
 15426 | IceCv    | Entered an ice cave
 20612 | IceCv    | Reached XP level 13. HP: 119/119 MP: 12/12
 20957 | IceCv    | Got a slimy war axe
 20961 | IceCv    | Identified the +10 war axe "Liontodd" {chop, rC++ Dex+2} (You found it in an ice cave)
 21226 | Lair:3   | Noticed graki42's ghost (journeyman DEFE)
 21245 | Lair:3   | Killed graki42's ghost
 21431 | Lair:3   | Noticed Snorg
 21442 | Lair:3   | Killed Snorg
 21562 | Lair:3   | Found a staircase to the Swamp.
 21787 | Lair:4   | Received a gift from Trog
 21847 | Lair:4   | Reached skill level 15 in Polearms
 22227 | Lair:4   | Found a staircase to the Snake Pit.
 22234 | Lair:4   | Received a gift from Trog
 22291 | Lair:4   | Received a gift from Trog
 23111 | Lair:5   | Reached ****** piety under Trog
 23138 | Lair:5   | Received a gift from Trog
 23639 | Lair:6   | Reached skill level 16 in Polearms
 23646 | Lair:6   | Reached XP level 14. HP: 120/129 MP: 13/13
 23954 | Lair:6   | Found a viscous altar of Jiyva.
 23956 | Lair:6   | Found a staircase to the Slime Pits.
 23988 | Lair:6   | Received a gift from Trog
 24584 | Lair:7   | Received a gift from Trog
 25553 | Lair:7   | Reached skill level 1 in Axes
 25831 | Lair:7   | Reached skill level 1 in Shields
 25925 | Lair:8   | Entered Level 8 of the Lair of Beasts
 26301 | Lair:8   | Received a gift from Trog
 26712 | Lair:8   | Noticed Josephine
 26745 | Lair:8   | Reached skill level 5 in Axes
 26871 | Lair:8   | Killed Josephine
 26871 | Lair:8   | Reached skill level 5 in Shields
 26871 | Lair:8   | Reached XP level 15. HP: 109/138 MP: 14/14
 27763 | D:12     | Found Busas's General Store.
 27797 | D:12     | Found Pithe's Food Shop.
 27847 | D:12     | Noticed dwasdwasdwas's ghost (journeyman DEEE)
 27860 | D:12     | Killed dwasdwasdwas's ghost
 28191 | D:12     | Found a staircase to the Orcish Mines.
 28243 | D:12     | Found Pysewk's Antique Armour Emporium.
 28250 | D:12     | Bought an encrusted chain mail for 142 gold pieces
 28261 | D:12     | Identified the cursed +1 chain mail "Hioq" {rElec Int+3} (You bought it in a shop on level 12 of the Dungeon)
 28262 | D:12     | Bought a shiny buckler for 67 gold pieces
 28483 | Orc:1    | Entered Level 1 of the Orcish Mines
 28486 | Orc:2    | Entered Level 2 of the Orcish Mines
 28486 | Orc:2    | Found a staircase to the Elven Halls.
 28503 | Orc:2    | Received a gift from Trog
 28508 | Orc:2    | Got a faintly glowing triple crossbow {god gift}
 28558 | D:12     | Lost intelligence.
 28558 | D:12     | Identified the +3 triple crossbow of Ima Akan {elec, +Fly rF++ Int-4 Stlth+} (Trog gifted it to you on level 2 of the Orcish Mines)
 28573 | D:12     | Bought the +2 cloak of Starlight {rElec rC+ EV+4 Stlth--} for 742 gold pieces
 29208 | Orc:2    | Noticed an orc warlord
 29223 | Orc:2    | Killed an orc warlord
 29254 | Orc:2    | Found a roughly hewn altar of Beogh.
 29264 | Orc:2    | Received a gift from Trog
 29283 | Orc:2    | Found Huohud's General Store.
 29287 | Orc:2    | Found Nenudun's Antique Weapon Shop.
 29295 | Orc:2    | Bought a translucent broad axe for 243 gold pieces
 29309 | Orc:2    | Found Alafack's Antique Armour Shop.
 29311 | Orc:2    | Found Cuxeuck's Book Shop.
 30368 | Swamp:1  | Entered Level 1 of the Swamp
 31751 | Swamp:2  | Reached skill level 15 in Fighting
 32289 | Swamp:3  | Noticed Donald
 32296 | Swamp:3  | Killed Donald
 32303 | Swamp:3  | Reached XP level 16. HP: 149/149 MP: 15/15
 32444 | Swamp:3  | Received a gift from Trog
 32449 | Swamp:3  | Reached skill level 10 in Throwing
 32463 | Swamp:3  | Noticed Jorgrun
 32495 | Swamp:3  | Killed Jorgrun
 32804 | Swamp:3  | Reached skill level 10 in Axes
 32874 | Swamp:3  | Received a gift from Trog
 32907 | Swamp:3  | Identified a scroll of acquirement
 32927 | Swamp:3  | Noticed a thorn hunter
 32943 | Swamp:3  | Killed a thorn hunter
 33102 | Swamp:3  | Noticed Mara
 33106 | Swamp:3  | Noticed nikopol's illusion
 33486 | Swamp:3  | Killed Mara
 33486 | Swamp:3  | Reached skill level 15 in Armour
 33595 | Swamp:4  | Entered Level 4 of the Swamp
 33597 | Swamp:4  | Noticed Aizul
 33622 | Swamp:4  | Killed Aizul
 33751 | Swamp:4  | Identified the +6 broad axe of Nevvikuwn {pain, MP+9} (You bought it in a shop on level 2 of the Orcish Mines)
 33825 | Swamp:4  | Received a gift from Trog
 33833 | Swamp:4  | Noticed a thorn hunter
 33844 | Swamp:4  | Killed a thorn hunter
 34201 | Swamp:4  | Noticed a thorn hunter
 34208 | Swamp:4  | Killed a thorn hunter
 34358 | Swamp:4  | Noticed the 27-headed Lernaean hydra
 34368 | Swamp:4  | HP: 9/225 [spriggan rider/spear (12)]
 34369 | Swamp:4  | HP: 2/225 [the 26-headed Lernaean hydra (7)]
 34369 | Swamp:4  | Mangled by the 26-headed Lernaean hydra

Skill      XL: |  1  2  3  4  5  6  7  8  9 10 11 12 13 14 15 16 |
---------------+-------------------------------------------------+-----
Armour         | 3 4 5 6 7 9 10 11 12 13 14 15 | 15.3
Fighting       | 4 5 6 7 9 10 11 12 13 14 15 | 15.7
Dodging        | 3 4 5 6 8 9 10 11 12 | 12.2
Polearms       | 4 5 6 7 9 11 12 14 16 | 16.8
Throwing       | 3 4 6 8 9 10 | 10.6
Axes           | 5 9 11 | 11.7
Shields        | 5 8 9 |  9.9

Action                   |  1- 3 |  4- 6 |  7- 9 | 10-12 | 13-15 | 16-18 || total
-------------------------+-------+-------+-------+-------+-------+-------++-------
Melee: Spear             |    83 |   248 |   420 |   131 |   834 |       ||  1716
       Headbutt          |     8 |    42 |    63 |   165 |   381 |    95 ||   754
       Trident           |       |       |       |   821 |    75 |       ||   896
       Glaive            |       |       |       |       |     8 |       ||     8
       War axe           |       |       |       |       |   569 |   299 ||   868
       Bardiche          |       |       |       |       |    83 |       ||    83
Throw: Tomahawk          |       |       |    10 |   286 |   156 |     4 ||   456
       Javelin           |       |       |       |       |   142 |     2 ||   144
Invok: Berserk           |       |       |     7 |    13 |    12 |     6 ||    38
       Burn Spellbooks   |       |       |       |     4 |     2 |       ||     6
       Trog's Hand       |       |       |       |     1 |     3 |       ||     4
       Brothers in Arms  |       |       |       |       |     1 |     1 ||     2
  Use: Scroll            |       |       |       |    20 |    21 |     6 ||    47
 Stab: Sleeping          |       |       |       |     4 |       |       ||     4
  Eat: Chunk             |       |     7 |    14 |    32 |    37 |     8 ||    98
       Beef jerky        |       |     1 |     1 |     2 |       |     4 ||     8
       Royal jelly       |       |       |     1 |     8 |     1 |       ||    10
       Bread ration      |       |       |       |     1 |     1 |       ||     2
       Pizza             |       |       |       |     1 |     4 |       ||     5
       Fruit             |       |       |       |       |     1 |     1 ||     2
Armor: Animal skin       |     6 |       |       |       |       |       ||     6
       Ring mail         |    16 |    68 |   109 |    39 |       |       ||   232
       Leather armour    |       |       |       |    89 |       |       ||    89
       Plate armour      |       |       |       |    70 |   618 |   219 ||   907
Dodge: Dodged            |    31 |    91 |   208 |   434 |   693 |   245 ||  1702
Block: Shield            |       |       |       |       |   110 |       ||   110
       Buckler           |       |       |       |       |   155 |   141 ||   296
       Reflection        |       |       |       |       |     4 |     1 ||     5
